 Dungeon Crawl Stone Soup version 0.31-a0-632-g766dd24fdf (webtiles) character file.

Game seed: 8584627571109372582

2172 thirtiethelement the Shooter (level 9, -14/66 HPs)
             Began as a Demonspawn Shapeshifter on Aug 25, 2023.
             Was an Initiate of Gozag.
             Killed from afar by a gargoyle (25 damage)
             ... with a stone arrow
             ... on level 7 of the Dungeon.
             The game lasted 00:20:31 (5369 turns).

thirtiethelement the Shooter (DsSh)                 Turns: 5369, Time: 00:20:32

Health: -14/66     AC:  7    Str: 16    XL:     9   Next: 11%
Magic:  9/9        EV: 12    Int:  9    God:    Gozag
Gold:   348        SH:  9    Dex: 20    Spells: 8/8 levels left

rFire   . . .        b - +2 dagger (venom)
rCold   . . .        (no shield)
rNeg    . . .        j - +0 ring mail
rPois   .            n - +0 helmet
rElec   .            (no cloak)
rCorr   .            (no gloves)
SInv    .            (no boots)
Will    .....        e - amulet of reflection
Stlth   ++           (no ring)
HPRegen 0.31/turn    (no ring)
MPRegen 0.11/turn

%: reflection
@: studying Short Blades
A: thin skeletal structure 1, foul stench 2, condensation shield, demonic touch
1
a: Renounce Religion, Potion Petition, Call Merchant, Bribe Branch


You were on level 7 of the Dungeon.
You worshipped Gozag.
Gozag was aware of your devotion.
You visited 2 branches of the dungeon, and saw 8 of its levels.

You collected 443 gold pieces.
You paid 95 gold pieces to Gozag.

Inventory:

Hand Weapons
 a - a +0 longbow
 b - a +2 dagger of venom (weapon)
Missiles
 w - a throwing net
Armour
 j - a +0 ring mail (worn)
 n - a +0 helmet (worn)
Jewellery
 e - an amulet of reflection (around neck)
 h - an amulet of guardian spirit
 u - a +6 ring of strength
Talismans
 c - a beast talisman
 d - a flux talisman
 z - a maw talisman
 A - a dragon-blood talisman
Wands
 g - a wand of paralysis (8)
 y - a wand of mindburst (11)
Scrolls
 f - 4 scrolls of teleportation
 i - a scroll of immolation
 m - a scroll of revelation
 q - a scroll of poison
 s - a scroll of blinking {unknown}
 v - 2 scrolls of vulnerability {unknown}
 B - a scroll of identify
 C - a scroll of brand weapon {unknown}
Potions
 k - 3 potions of invisibility
 l - 3 potions of enlightenment
 o - 3 potions of heal wounds
 p - 3 potions of curing {unknown}
 r - a potion of might {unknown}
 t - a potion of brilliance {unknown}
 x - a potion of magic {unknown}
 D - a potion of haste {unknown}
 E - a potion of mutation {unknown}


   Skills:
 + Level 4.3 Fighting
 + Level 2.8 Short Blades
 + Level 7.7 Ranged Weapons
 + Level 4.0 Armour
 + Level 2.9 Dodging
 + Level 1.0 Stealth
 + Level 2.3 Shields
 + Level 3.0 Unarmed Combat
 + Level 2.8 Shapeshifting


You had 8 spell levels left.
You didn't know any spells.
Your spell library contained the following spells:

 Spells                   Type           Power      Damage    Failure   Level
 Scorch                   Fire           0%         2d5       73%         2
 Flame Wave               Conj/Fire      0%         2d4       100%        4
 Summon Cactus Giant      Summ           0%         N/A       100%        6


Dungeon Overview and Level Annotations

Branches:
Dungeon (7/15)             Temple (1/1) D:5

Altars:
Ashenzari
Cheibriados
Dithmenos
Fedhas
Gozag
Hepliaklqana
Kikubaaqudgha
Makhleb
Nemelex Xobeh
Okawaru
Qazlal
Ru
Sif Muna
Trog
Uskayaw
Vehumet
Wu Jian
Xom
Yredelemnul


Innate Abilities, Weirdness & Mutations

You have a somewhat thin skeletal structure. (Dex +2, Stealth+)
You sometimes emit foul miasma when damaged in melee.
A meltable shield of frost defends you. (SH +4)
Your touch may inflict minor irresistible damage on your foes.


Message History

b - a +2 dagger of venom (weapon)
Press: ? - help, v - describe, . - travel
Here: a gargoyle, wielding a +0 mace The floor, spattered with blood.
You hit the gargoyle but do no damage.
You touch the gargoyle!
The gargoyle is moderately damaged.
The gargoyle closely misses you.
You closely miss the gargoyle.
The gargoyle is moderately damaged.
You block the gargoyle's attack.
You barely miss the gargoyle.
The gargoyle is moderately damaged.
The gargoyle closely misses you.
You hit the gargoyle but do no damage.
The gargoyle is moderately damaged.
The gargoyle closely misses you.
You hit the gargoyle but do no damage.
The gargoyle is moderately damaged.
The gargoyle hits you with a +0 mace!
You hit the gargoyle but do no damage.
The gargoyle is moderately damaged.
You hit the gargoyle but do no damage.
The gargoyle is moderately damaged.
The gargoyle hits you with a +0 mace!!
You emit a cloud of foul miasma!
You closely miss the gargoyle.
The gargoyle is moderately damaged.
The gargoyle hurls a stone arrow at you.
The stone arrow hits you!
The gargoyle hurls a stone arrow at you.
The stone arrow misses you.
The gargoyle hurls a stone arrow at you.
The stone arrow misses you.
The gargoyle hurls a stone arrow at you.
The stone arrow hits you!!
* * * LOW HITPOINT WARNING * * *
There is a stone staircase leading up, spattered with blood here.
The gargoyle hurls a stone arrow at you.
The stone arrow hits you!!
You die...
Your body crumbles into a pile of gold.

#....(.............
####................(.
#......)..............
###.....................
#................#......
#..............####.....
#.[............####...#.
##...##<................
#...<##@)......##.......
#.....#.......## ...
#.......#.....### ..
#≈.......##......##...
#####≈.~#......9##........
##..#$≈~.~.................
#.....≈...$#...##.)........
#.<.≈.~......##..........
####...≈.................#/.


You could see a gargoyle.

Vanquished Creatures
  A steam dragon (D:6)
  An ice beast (D:6)
  3 black bears
  A sky beast (D:6)
  3 ogres
  A phantom (D:5)
  A centaur (D:7)
  A kobold brigand (D:6)
  4 scorpions
  4 wights
  A howler monkey (D:6)
  A gnoll bouda (D:5)
  4 hounds
  3 jellies
  2 orc priests
  An iguana (D:6)
  A sleepcap (D:4)
  An orc wizard (D:6)
  12 gnolls
  5 adders
  A shadow imp (D:5)
  3 white imps
  2 worms (D:3)
  12 orcs
  4 ball pythons
  2 bats
  9 endoplasms
  A giant cockroach (D:3)
  5 goblins
  7 hobgoblins
  A quokka (D:3)
  3 frilled lizards
  9 kobolds
  2 rats (D:3)
112 creatures vanquished.

Notes
Turn   | Place    | Note
-------+----------+-------------------------------------------
     0 | D:1      | thirtiethelement the Demonspawn Shapeshifter began the
                  | quest for the Orb.
     0 | D:1      | Reached XP level 1. HP: 15/15 MP: 1/1
   256 | D:1      | Gained mutation: Your touch may inflict minor irresistible
                  | damage on your foes. [demonic ancestry]
   256 | D:1      | Reached XP level 2. HP: 18/21 MP: 2/2
   672 | D:1      | Reached skill level 1 in Ranged Weapons
   815 | D:2      | Reached XP level 3. HP: 19/26 MP: 3/3
  1221 | D:3      | Reached skill level 2 in Ranged Weapons
  1221 | D:3      | Reached XP level 4. HP: 29/33 MP: 4/4
  1373 | D:3      | Reached skill level 1 in Armour
  1922 | D:4      | Noticed a scorpion
  1930 | D:4      | Killed a scorpion
  1931 | D:4      | Reached skill level 3 in Ranged Weapons
  1931 | D:4      | Gained mutation: You may rarely emit foul miasma when
                  | damaged in melee. [demonic ancestry]
  1931 | D:4      | Reached XP level 5. HP: 22/38 MP: 5/5
  2334 | D:4      | You fall into a shaft and drop 3 floors!
  2402 | D:6      | Noticed an ice beast
  2414 | D:6      | Killed an ice beast
  2415 | D:6      | Reached skill level 4 in Ranged Weapons
  2415 | D:6      | Reached XP level 6. HP: 11/44 MP: 6/6
  2610 | D:6      | Noticed a steam dragon
  2619 | D:6      | Killed a steam dragon
  2620 | D:6      | Reached skill level 1 in Short Blades
  2620 | D:6      | Reached skill level 1 in Shields
  2737 | D:6      | Gained mutation: A meltable shield of frost defends you.
                  | (SH +4) [demonic ancestry]
  2737 | D:6      | Reached XP level 7. HP: 41/51 MP: 7/7
  2818 | D:6      | Reached skill level 5 in Ranged Weapons
  3297 | D:5      | Entered Level 5 of the Dungeon
  3302 | D:5      | Gained mutation: You have a somewhat thin skeletal
                  | structure. (Dex +2, Stealth+) [demonic ancestry]
  3302 | D:5      | Reached XP level 8. HP: 58/58 MP: 8/8
  3403 | D:5      | Reached skill level 6 in Ranged Weapons
  3681 | D:5      | Found a staircase to the Ecumenical Temple.
  3690 | Temple   | Entered the Ecumenical Temple
  3699 | Temple   | Became a worshipper of Gozag Ym Sagoz the Greedy
  3831 | D:5      | Found a basalt altar of Yredelemnul.
  4118 | D:5      | Reached skill level 7 in Ranged Weapons
  4791 | D:6      | Found a shadowy altar of Dithmenos.
  4838 | D:6      | Found a hide-covered altar of Uskayaw.
  5234 | D:7      | Gained mutation: You sometimes emit foul miasma when
                  | damaged in melee. [demonic ancestry]
  5234 | D:7      | Reached XP level 9. HP: 59/63 MP: 9/9
  5254 | D:7      | Reached skill level 1 in Stealth
  5294 | D:7      | Noticed a gargoyle
  5369 | D:7      | Killed from afar by a gargoyle

Illustrated notes

Levels and vault maps discovered:
D:1:      nzn_arrival_settlement, layout_loops_ring, serial_rivers,
          chequers_serial_rivers_micro_d, chequers_serial_rivers_micro_b,
          chequers_serial_rivers_micro_c, chequers_serial_rivers_room_b,
          minmay_tetromino_s4
D:2:      layout_basic, basic_altar
D:3:      layout_rooms, serial_rivers, chequers_serial_rivers_room_a,
          chequers_serial_rivers_large_a, chequers_serial_rivers_micro_b,
          chequers_serial_rivers_small_b, kennysheep_donut, hangedman_decor_push
D:4:      layout_gridville, hangedman_decor_opposing, hex_tiny,
          serial_bayou_pond_c
D:5:      layout_rooms, mainiacjoe_overflow_cross_hatched,
          minmay_temple_entry_large_hall, serial_co_window_serial,
          co_window_corner_a, co_window_paths_b, co_window_cross_1,
          co_window_corner_a, co_window_paths_b, co_window_paths_b,
          co_window_paths_a, co_window_unsneaky_path_d, co_window_broadway_b,
          co_window_broadway_a, co_window_corner_b, co_window_paths_d,
          glass_columns_b, glass_columns_a, glass_columns_c, glass_columns_b,
          glass_columns_b, minmay_misc_feat_more_columns
D:6:      layout_loops_ring, mainiacjoe_overflow_two_lobes, serial_aquarium,
          aquarium_bridge_square [aquarium_subvault_wall,
          aquarium_subvault_bridge, aquarium_subvault_wall,
          aquarium_subvault_window], aquarium_bridge_square
          [aquarium_subvault_wall, aquarium_subvault_window,
          aquarium_subvault_wall, aquarium_subvault_bridge],
          aquarium_window_corner, aquarium_window_corridor_3, aquarium_view_2c,
          aquarium_view_2e
D:7:      layout_cave_pools, chequers_serial_rivers_micro_e,
          amcnicky_mini_pool_small, kennysheep_cluttered_room, minivault_4
Temple:   regret_index_temple_mists

Skill      XL: |  1  2  3  4  5  6  7  8  9 |
---------------+----------------------------+-----
Dodging        | 2 |  2.9
Ranged Weapons | 1 2 3 4 5 7 |  7.7
Unarmed Combat | 3 |  3.0
Armour         | 1 2 3 4 |  4.0
Fighting       | 2 3 4 |  4.3
Short Blades   | 1 2 |  2.8
Shields        | 1 2 |  2.3
Stealth        | 1 |  1.0
Shapeshifting  | |  2.8

Action                     |  1- 3 |  4- 6 |  7- 9 || total
---------------------------+-------+-------+-------++-------
  Melee: Unarmed           |    21 |       |       ||    21
         Touch             |     5 |    14 |    16 ||    35
         Dagger            |     5 |    74 |   104 ||   183
         Punch             |       |     4 |       ||     4
   Fire: Sling             |    53 |    52 |       ||   105
         Longbow           |       |    14 |   105 ||   119
    Use: Scroll            |       |     6 |     1 ||     7
         Potion            |       |     1 |       ||     1
 Armour: Animal skin       |     1 |       |       ||     1
         Ring mail         |    10 |    15 |    15 ||    40
         Skin              |       |     4 |       ||     4
  Dodge: Dodged            |     7 |    26 |    40 ||    73
  Block: Other             |     9 |    19 |    42 ||    70
         Reflection        |       |       |     1 ||     1
         Form:             |     1 |       |       ||     1

Table legend: (Time is in decaauts)
 A = Elapsed time spent in this place.
 B = Non-inter-level travel time spent in this place.
 C = Inter-level travel time spent in this place.
 D = Time resting spent in this place.
 E = Time spent auto-exploring this place.
 F = Levels seen in this place.
 G = Mean time per level.
                   A        B        C        D        E       F      G
               +--------+--------+--------+--------+--------+-----+--------+
         Total |   5445 |   5266 |    179 |    799 |   3359 |   8 |  680.6 |
       Dungeon |   5421 |   5242 |    179 |    799 |   3359 |   7 |  774.4 |
        Temple |     23 |     23 |      0 |      0 |      0 |   1 |   23.0 |
               +--------+--------+--------+--------+--------+-----+--------+

Top non-repeatable levels by time:
     D:6: 1629 daAuts
     D:5: 1105 daAuts
     D:1: 797 daAuts
     D:3: 674 daAuts
     D:4: 627 daAuts
     D:2: 410 daAuts
     D:7: 177 daAuts
  Temple: 23 daAuts
